 Dungeon Crawl Stone Soup version 0.29.0-15-g675c0067aa (webtiles) character file.

Game seed: 12243006676659744159

324 qw the Chopper (level 6, 0/38 HPs)
             Began as a Gargoyle Fighter on Sept 12, 2022.
             Was an Initiate of Okawaru.
             Slain by an orc
             ... wielding a +0 club
              (3 damage)
             ... on level 4 of the Dungeon.
             The game lasted 00:01:29 (4028 turns).

qw the Chopper (Gargoyle Fighter)                   Turns: 4028, Time: 00:01:29

Health: 0/38       AC: 18    Str: 22    XL:     6   Next: 48%
Magic:  6/6        EV:  6    Int:  8    God:    Okawaru [......]
Gold:   274        SH:  4    Dex:  9    Spells: 5/5 levels left

rFire   . . .      SeeInvis .   Y - +1 war axe
rCold   . . .      Faith    .   c - +0 buckler
rNeg    + . .      Spirit   .   i - +0 plate armour
rPois   inf        Reflect  .   e - +0 helmet
rElec   +          Harm     .   (no cloak)
rCorr   .          Rampage  .   (no gloves)
Will    .....                   h - +0 pair of boots
Stlth   ..........              m - amulet of the acrobat
HPRegen 0.12/turn               (no ring)
MPRegen 0.10/turn               (no ring)

@: about to teleport
A: sickness immunity, AC +4, negative energy resistance 1, electricity
resistance, torment resistance 1, petrification resistance
a: Renounce Religion


You were on level 4 of the Dungeon.
You worshipped Okawaru.
Okawaru was noncommittal.
You visited 1 branch of the dungeon, and saw 4 of its levels.

You collected 274 gold pieces.


Innate Abilities, Weirdness & Mutations

You are immune to sickness and miasma.
Your stone body is resilient. (AC +4)
You are immune to poison.
You resist negative energy. (rN+)
You are resistant to electric shocks. (rElec)
You are resistant to unholy torment.
You are immune to petrification.


   Skills:
 - Level 4.1 Fighting
 + Level 5.7 Axes
 - Level 3.2 Armour
 - Level 3.2 Shields


You had 5 spell levels left.
You didn't know any spells.
Your spell library was empty.

Inventory:

Hand Weapons
 g - a +0 flail
 Y - a +1 war axe (weapon)
Armour
 c - a +0 buckler (worn)
 e - a +0 helmet (worn)
 h - a +0 pair of boots (worn)
 i - a +0 plate armour (worn)
Jewellery
 m - an amulet of the acrobat (around neck)
Scrolls
 b - 3 scrolls of identify
 f - a scroll of blinking
Potions
 a - a potion of attraction
 d - 2 potions of might
 l - 2 potions of curing
 n - a potion of lignification

Dungeon Overview and Level Annotations

Branches:
Dungeon (4/15)
 Temple: D:4-7

Altars:
Okawaru
Uskayaw


Message History

The jackal barely misses you. x2
You closely miss the jackal.
The jackal bites you but does no damage.
You block the jackal's attack.
You closely miss the jackal. The jackal bites you.
You slash the jackal!
You kill the jackal!
Okawaru accepts your kill.
You start resting.
HP restored.
You now have 274 gold pieces (gained 13).
You open the gate.
An orc wizard, 2 orc priests and 2 orcs come into view.
The orc shouts!
The orc priest shouts! x2; The orc shouts!
The orc priest mumbles some strange prayers to Beogh against you.
Beogh smites you! The orc wizard casts a spell at you.
The magic dart hits you but does no damage.
Enter note: You barely miss the orc.
The orc closely misses you.
You miss the orc wizard. You hit the orc.
The orc priest miscasts a cantrip.
The orc hits you but does no damage.
The orc wizard mumbles some strange words.
The orc wizard flickers and vanishes!
Deactivating autopickup; reactivate with Ctrl-A.
You barely miss the orc.
The orc is heavily wounded.
You hit something but do no damage.
The orc priest invokes the aid of Beogh against you.
Beogh smites you! You block the orc's attack. Something hits you.
4028 ||| READING scroll of teleportation.
As you read the scroll of teleportation, it crumbles to dust.
You feel strangely unstable. Something hits you.
The orc hits you but does no damage.
The orc priest calls upon Beogh to heal the orc.
The orc hits you with a +0 club.
You die...

.(.#.# #.##.## .....#
~...~.#.~.. ###.##.#
...#..## 7~.~.~.~.~
##...##.## .......#
7~...~... ##.#..#...#
#######.# 7~.~.~.
##.......... # 7~...~
##.#.#..#...# 7.oo7
##.......##.## ###
#'{o# ........<..%.
... #.o@#
#..####.##.## .# ###.#
#..# #.##.# .# #.#
#..# #.##.# .#
#.####..####[##.# .#
##..........<.##.# .#
##...###..#######.# #
##.....##..# #.#
..........#..#######.#
##...................#


You could see 2 orc priests and 2 orcs.

Vanquished Creatures
  A hound (D:3)
  4 orc priests
  An iguana (D:4)
  2 orc wizards (D:4)
  An adder (D:2)
  A worm (D:3)
  2 dart slugs
  9 orcs
  3 endoplasms
  3 giant cockroaches
  8 goblins
  9 hobgoblins
  5 jackals
  3 quokkas
  6 ball pythons
  2 bats
  4 frilled lizards
  6 kobolds
  7 rats
77 creatures vanquished.

Notes
Turn   | Place    | Note
-------+----------+-------------------------------------------
     0 | D:1      | qw the Gargoyle Fighter began the quest for the Orb.
     0 | D:1      | Reached XP level 1. HP: 14/14 MP: 1/1
     0 | D:1      | 0 ||| qw: Version: 0.1-a-119-g272c26d
     0 | D:1      | 0 ||| qw: Game counter: 10750
     0 | D:1      | 0 ||| qw: Always use a shield: true
     0 | D:1      | 0 ||| qw: God list: Okawaru
     0 | D:1      | 0 ||| qw: Allow faded altars: false
     0 | D:1      | 0 ||| qw: Do Orc after D:15 true
     0 | D:1      | 0 ||| qw: Do second Lair branch before Depths: true
     0 | D:1      | 0 ||| qw: Lair rune preference: random
     0 | D:1      | 0 ||| qw: Plans: Normal, Zot, God:TSO, Crypt, Tomb, Pan,
                  | Slime, Hells, Zig, Abyss, Orb
     0 | D:1      | 0 ||| PLANNING D:1-11
    35 | D:1      | 35 ||| Stepping ~*~*~tactically~*~*~ (hiding).
    43 | D:1      | Reached skill level 2 in Axes
   173 | D:1      | Reached XP level 2. HP: 19/19 MP: 2/2
   806 | D:1      | Reached skill level 3 in Axes
  1109 | D:1      | Found a faded altar of an unknown god.
  1115 | D:1      | 1115 ||| UPGRADING to +0 plate armour.
  1125 | D:1      | 1125 ||| DROPPING +0 scale mail.
  1126 | D:1      | 1126 ||| READING scroll labelled USORORH ORIU.
  1127 | D:1      | 1127 ||| READING scroll labelled KESUCI LOWA.
  1128 | D:1      | 1128 ||| READING scroll labelled WARHENACOU.
  1129 | D:1      | 1129 ||| READING scroll labelled EGESMO YRHEEPE.
  1151 | D:2      | Reached XP level 3. HP: 23/23 MP: 3/3
  1354 | D:2      | 1354 ||| Stepping ~*~*~tactically~*~*~ (stealth).
  1519 | D:2      | 1519 ||| Stepping ~*~*~tactically~*~*~ (stealth).
  1532 | D:2      | 1532 ||| Stepping ~*~*~tactically~*~*~ (stealth).
  1582 | D:2      | 1582 ||| DROPPING +0 club.
  1887 | D:2      | 1887 ||| UPGRADING to +0 helmet.
  1892 | D:2      | 1892 ||| READING scroll labelled GIQOUS DUET.
  1893 | D:2      | 1893 ||| READING scroll labelled PAFIGECULI.
  1894 | D:2      | 1894 ||| READING scroll labelled BEMYMUFICK.
  1895 | D:2      | 1895 ||| READING scroll labelled MIUJOKO NUTRO.
  1896 | D:2      | 1896 ||| READING scroll labelled VUP GOSIYDAQAF.
  1897 | D:2      | 1897 ||| READING 3 scrolls labelled NAMMOM KUBAIP.
  1900 | D:2      | 1900 ||| DRINKING 4 sapphire potions.
  1952 | D:3      | 1952 ||| Stepping ~*~*~tactically~*~*~ (stealth).
  1956 | D:3      | 1956 ||| Stepping ~*~*~tactically~*~*~ (stealth).
  1984 | D:3      | HP: 2/23 [orc priest/nerve-wracking pain (7)]
  1985 | D:3      | 1985 ||| READING 2 scrolls of teleportation.
  1988 | D:3      | 1988 ||| READING scroll of teleportation.
  2283 | D:3      | Reached XP level 4. HP: 28/28 MP: 4/4
  2361 | D:3      | Reached skill level 4 in Axes
  2433 | D:3      | 2433 ||| Stepping ~*~*~tactically~*~*~ (stealth).
  2434 | D:3      | 2434 ||| Stepping ~*~*~tactically~*~*~ (stealth).
  2466 | D:3      | Found an iron altar of Okawaru.
  2746 | D:3      | Reached XP level 5. HP: 29/32 MP: 5/5
  3192 | D:3      | 3192 ||| Stepping ~*~*~tactically~*~*~ (stealth).
  3194 | D:3      | 3194 ||| Stepping ~*~*~tactically~*~*~ (hiding).
  3303 | D:3      | 3303 ||| UPGRADING to +0 pair of boots.
  3308 | D:3      | 3308 ||| READING 2 scrolls labelled WASMOS NEUPN.
  3366 | D:3      | 3366 ||| DRINKING 2 metallic grey potions.
  3367 | D:3      | 3367 ||| READING 6 scrolls of identify.
  3367 | D:3      | 3367 ||| IDENTIFYING sedimented sapphire potion
  3368 | D:3      | 3368 ||| READING 5 scrolls of identify.
  3368 | D:3      | 3368 ||| IDENTIFYING smoky purple potion
  3369 | D:3      | 3369 ||| DROPPING scroll of torment.
  3479 | D:3      | Became a worshipper of Warmaster Okawaru
  3554 | D:4      | 3554 ||| Stepping ~*~*~tactically~*~*~ (hiding).
  3565 | D:4      | 3565 ||| DRINKING 3 potions of curing.
  3565 | D:4      | 3565 ||| (to cure confusion)
  3567 | D:4      | Reached skill level 5 in Axes
  3569 | D:4      | HP: 6/32 [something (3)]
  3570 | D:4      | 3570 ||| DRINKING potion of heal wounds.
  3576 | D:4      | Reached XP level 6. HP: 26/38 MP: 6/6
  3671 | D:4      | 3671 ||| DROPPING +0 whip.
  3684 | D:4      | Found a hide-covered altar of Uskayaw.
  3828 | D:4      | 3828 ||| Stepping ~*~*~tactically~*~*~ (hiding).
  3846 | D:4      | 3846 ||| FLEEEEING.
  3847 | D:4      | 3847 ||| Stepping ~*~*~tactically~*~*~ (hiding).
  3848 | D:4      | 3848 ||| FLEEEEING.
  3850 | D:4      | 3850 ||| STAIRDANCE
  3930 | D:3      | 3930 ||| UPGRADING to amulet of the acrobat.
  3935 | D:3      | 3935 ||| READING 4 scrolls of identify.
  3935 | D:3      | 3935 ||| IDENTIFYING black potion
  3936 | D:3      | 3936 ||| DROPPING potion of flight.
  3940 | D:4      | 3940 ||| STAIRDANCE
  3963 | D:4      | 3963 ||| STAIRDANCE
  4027 | D:4      | HP: 6/38 [orc priest/divine providence (16)]
  4028 | D:4      | 4028 ||| READING scroll of teleportation.
  4028 | D:4      | Slain by an orc

Levels and vault maps discovered:
D:1:      dreamdust_arrival_beginning_and_end, layout_loops_cross,
          hellmonk_ecumenical_altar_leap_of_faith
D:2:      layout_loops_cross
D:3:      cheibrodos_helix_gallery, layout_basic, okawaru_metal_pillars_1_2,
          small_statue_intersection
D:4:      layout_loops_ring, mainiacjoe_overflow_paths,
          minmay_temple_entry_fiery, kennysheep_cluttered_room

Skill      XL: |  1  2  3  4  5 |
---------------+----------------+-----
Axes           | 2 3 4 5 |  5.7
Fighting       | 4 |  4.1
Armour         | |  3.2
Shields        | |  3.2

Action                   |  1- 3 |  4- 6 || total
-------------------------+-------+-------++-------
Melee: War axe           |   142 |   120 ||   262
  Use: Scroll            |    12 |     5 ||    17
       Potion            |     1 |     3 ||     4
Armor: Scale mail        |    44 |       ||    44
       Plate armour      |    39 |    86 ||   125
Dodge: Dodged            |    51 |    34 ||    85
Block: Buckler           |    19 |    13 ||    32

Table legend:
 A = Non-vault XP
 B = Vault XP
 C = Vault XP percentage of total XP
 D = Non-vault monster count
 E = Vault monster count
 F = Vault count percentage of total count
                 A         B        C        D         E       F
            +---------+---------+-------+---------+---------+-------
      Total |     459 |       5 |   1.1 |      75 |       2 |   2.6
            +---------+---------+-------+---------+---------+-------
        D:1 |      33 |       0 |   0.0 |      20 |       0 |   0.0
        D:2 |      38 |       0 |   0.0 |      16 |       0 |   0.0
        D:3 |     193 |       5 |   2.5 |      31 |       2 |   6.1
        D:4 |     195 |       0 |   0.0 |       8 |       0 |   0.0
            +---------+---------+-------+---------+---------+-------
